 Dungeon Crawl Stone Soup version 0.17.1-3-g152610e (webtiles) character file.

116 Nekros the Magician (level 4, -2/24 HPs)
             Began as a Deep Elf Wizard on Apr 26, 2016.
             Killed from afar by DeXoteric's ghost (6 damage)
             ... with a magic dart
             ... on level 3 of the Dungeon.
             The game lasted 00:24:58 (3092 turns).

Nekros the Magician (Deep Elf Wizard)               Turns: 3092, Time: 00:24:58

Health: -2/24      AC:  2    Str:  4    XL:     4   Next: 70%
Magic:  6/13       EV: 13    Int: 24    God:
Gold:   189        SH:  0    Dex: 13    Spells: 4 memorised, 6 levels left

rFire  . . .     SeeInvis .     s - +0 hand axe (flame)
rCold  . . .     Clarity  .     a - +0 robe
rNeg   . . .     SustAt   .     (no shield)
rPois  .         Gourm    .     b - +0 hat
rElec  .         Spirit   .     (no cloak)
rCorr  .         Warding  .     (no gloves)
rMut   .         Stasis   .     (no boots)
MR     .....                    (no amulet)
Stlth  ++........               (no ring)
                                (no ring)

@: not resistant to hostile enchantments, unstealthy
A: no striking features
a: no special abilities


You were on level 3 of the Dungeon.
You were not hungry.

You visited 1 branch of the dungeon, and saw 3 of its levels.

You collected 189 gold pieces.

Inventory:

Hand Weapons
 s - a +0 hand axe of flaming (weapon)
 t - a cursed -3 short sword
Armour
 a - a +0 robe (worn)
 b - a +0 hat (worn)
 f - a +0 robe
 q - a +0 robe
Jewellery
 h - an uncursed ring of protection from fire {unknown}
Scrolls
 d - a scroll of fog {unknown}
 e - a scroll of enchant armour {unknown}
 k - 3 scrolls of remove curse {unknown}
 m - 6 scrolls of identify {unknown}
 o - 7 scrolls of recharging {unknown}
 p - 2 scrolls of teleportation {unknown}
 r - a scroll of blinking {unknown}
Potions
 g - a potion of magic {unknown}
 i - a potion of brilliance {unknown}
 j - a potion of lignification {unknown}
 l - a potion of degeneration {unknown}
 n - a potion of cure mutation {unknown}
 u - 2 potions of mutation {unknown}
Books
 c - a book of Minor Magic

   Spells                             Type                      Level
   a - Magic Dart                     Conjuration                  1
   b - Blink                          Translocation                2
   c - Call Imp                       Summoning                    2
   d - Repel Missiles                 Charms/Air                   2
   e - Slow                           Hexes                        2
   f - Conjure Flame                  Conjuration/Fire             3
   g - Mephitic Cloud                 Conjuration/Poison/Air       3
Comestibles
 v - a bread ration


   Skills:
 + Level 3.7 Dodging
 + Level 3.6 Stealth
 * Level 5.7 Spellcasting
 + Level 2.1 Conjurations
 - Level 1.1 Summonings
 - Level 1.1 Translocations


You had 6 spell levels left.
You knew the following spells:

 Your Spells              Type           Power        Failure   Level  Hunger
a - Magic Dart            Conj           ###.         3%          1    None
b - Blink                 Tloc           N/A          10%         2    None
c - Call Imp              Summ           ##......     10%         2    None
d - Mephitic Cloud        Conj/Pois/Air  ##......     21%         3    #......


Dungeon Overview and Level Annotations

Branches:
Dungeon (3/15)

Altars:
Ashenzari

Annotations:
D:3 DeXoteric's ghost, amateur DgCj


Message History

Your crimson imp blinks!
Are you sure you want to stumble around while confused and next to your crimson imp? [Y]es or [N]o only, please.
Are you sure you want to stumble around while confused and next to your crimson imp?
Okay, then.
Drink which item? (? for menu, Esc to quit)
Okay, then.
You're too confused!
DeXoteric's ghost points at you and mumbles some strange words.
The magic dart hits your crimson imp.
Your crimson imp misses DeXoteric's ghost.
DeXoteric's ghost closely misses your crimson imp.
Your crimson imp hits DeXoteric's ghost.
DeXoteric's ghost barely misses your crimson imp.
Your crimson imp blinks!
You feel less confused.
Your crimson imp blinks!
DeXoteric's ghost casts a spell at you. The magic dart hits you!
You die...

#### #.. #.# .
######.###....
#.@.W.§.......
#.####.####...
#†# #... #.#
##### #.# #.#
#(# #.# #.####
#...


You could see DeXoteric's ghost.

Vanquished Creatures
  2 adders
  2 giant geckos (D:2)
  2 orcs (D:3)
  A ball python (D:1)
  5 giant cockroaches
  10 hobgoblins
  2 jackals (D:2)
  4 kobolds
  A quokka (D:1)
  9 bats
  2 giant newts
  2 goblins (D:2)
  6 rats
48 creatures vanquished.

Vanquished Creatures (collateral kills)
  An adder (D:2)
  A gnoll (D:1)
  3 worms
  2 giant geckos
  4 orcs (D:3)
  2 bats
  2 giant cockroaches
  6 hobgoblins
  2 kobolds (D:2)
  A quokka (D:3)
  2 giant newts (D:2)
  A rat (D:3)
27 creatures vanquished.

Grand Total: 75 creatures vanquished

Notes
Turn   | Place    | Note
--------------------------------------------------------------
     0 | D:1      | Nekros the Deep Elf Wizard began the quest for the Orb.
     0 | D:1      | Reached XP level 1. HP: 10/10 MP: 7/7
   274 | D:1      | Reached XP level 2. HP: 15/15 MP: 7/9
   278 | D:1      | Learned a level 2 spell: Blink
   281 | D:1      | Learned a level 2 spell: Call Imp
   608 | D:1      | Reached skill level 5 in Spellcasting
   879 | D:1      | Reached XP level 3. HP: 16/19 MP: 2/11
   884 | D:1      | Learned a level 3 spell: Mephitic Cloud
  1289 | D:2      | Found a shattered altar of Ashenzari.
  1652 | D:2      | Reached XP level 4. HP: 24/24 MP: 7/13
  3081 | D:3      | Noticed DeXoteric's ghost (amateur DgCj)
  3092 | D:3      | Killed from afar by DeXoteric's ghost

Action                   |  1- 3 |  4- 6 || total
-------------------------+-------+-------++-------
Melee: Unarmed           |    24 |       ||    24
       Hand axe          |       |     1 ||     1
 Cast: Magic Dart        |    87 |    33 ||   120
       Call Imp          |    17 |    10 ||    27
       Mephitic Cloud    |       |     5 ||     5
       Blink             |       |     2 ||     2
  Eat: Bread ration      |     1 |     1 ||     2
